 Dungeon Crawl Stone Soup version 0.18-b1-2-gd0c887e (webtiles) character file.

3507 pragmatic the Protected (level 10, -2/56 HPs)
             Began as a Gargoyle Berserker on Apr 28, 2016.
             Was an Elder of Trog.
             Slain by a warg (4 damage)
             ... on level 8 of the Dungeon.
             The game lasted 00:40:02 (7449 turns).

pragmatic the Protected (Gargoyle Berserker)        Turns: 7449, Time: 00:40:03

Health: -2/56      AC: 28    Str: 24    XL:     10   Next: 7%
Magic:  10/10      EV:  8    Int: 13    God:    Trog [****..]
Gold:   403        SH:  0    Dex:  9    Spells: 0 memorised, 9 levels left

rFire  . . .     SeeInvis .     t - +0 war axe
rCold  + . .     Gourm    .     q - +1 plate armour
rNeg   + . .     Faith    .     (no shield)
rPois  ∞         Spirit   .     v - +0 helmet
rElec  +         Dismiss  .     u - +1 cloak "Xydokhu" {rC+ Int+5}
rCorr  .         Reflect  .     A - +0 pair of gloves
SustAt .         Harm     .     (no boots)
MR     .....                    (no amulet)
Stlth  ..........               (no ring)
                                (no ring)

@: not resistant to hostile enchantments, extremely unstealthy
A: negative energy resistance 1, electricity resistance, unbreathing,
petrification resistance, rot immunity, AC +7
a: Berserk, Trog's Hand, Brothers in Arms, Burn Spellbooks, Renounce Religion


You were on level 8 of the Dungeon.
You worshipped Trog.
Trog was greatly pleased with you.
You were hungry.

You visited 2 branches of the dungeon, and saw 9 of its levels.
You also visited: Ossuary.

You collected 403 gold pieces.

Inventory:

Hand Weapons
 t - a +0 war axe (weapon)
 w - a +0 battleaxe of distortion
Armour
 m - a +0 helmet
 q - a +1 plate armour (worn)
 u - the +1 cloak "Xydokhu" (worn) {rC+ Int+5}
   (You found it on level 6 of the Dungeon)

   It affects your intelligence (+5).
   It protects you from cold.
 v - a +0 helmet (worn)
 A - a +0 pair of gloves (worn)
Jewellery
 e - an uncursed ring of ice {unknown}
Scrolls
 d - a scroll of fear
 g - a scroll of magic mapping
 h - 6 scrolls of remove curse
 j - a scroll of fog
 k - 6 scrolls of identify
 n - 2 scrolls of teleportation
 r - 4 scrolls of recharging
Potions
 a - a potion of brilliance
 b - a potion of cancellation
 f - a potion of might
 p - 3 potions of curing
Comestibles
 c - 9 bread rations
 i - 6 fruits
 o - 4 meat rations
 z - 9 beef jerkies


   Skills:
 - Level 3.5 Fighting
 + Level 8.8 Axes
 + Level 10.6 Armour
 * Level 4.0 Dodging


You had 9 spell levels left.
You didn't know any spells.

Dungeon Overview and Level Annotations

Branches:
Dungeon (8/15)             Temple (1/1) D:7
   Lair: D:8-11

Altars:
Ashenzari
Cheibriados
Dithmenos
Elyvilon
Fedhas
Gozag
Kikubaaqudgha
Makhleb
Nemelex Xobeh
Okawaru
Pakellas
Qazlal
Ru
Sif Muna
Trog
Vehumet
Xom
Yredelemnul
Zin
The Shining One

Annotations:
D:8 Psyche


Innate Abilities, Weirdness & Mutations

You are resistant to torment.
Your stone body is resilient (AC +7).
You are immune to poison.
You resist negative energy.
You are resistant to electric shocks.
You can survive without breathing.
You are immune to petrification.
You are immune to rotting.


Message History

You barely miss the warg.
The warg is heavily wounded.
You barely miss the orc priest. The warg barely misses you.
The orc priest completely misses you.
You barely miss the warg.
The warg is heavily wounded.
You closely miss the orc priest. You hit the warg.
The warg is lightly wounded.
The warg bites you but does no damage. The warg closely misses you.
Psyche gestures wildly while chanting.
Psyche seems to speed up.
The orc priest hits you but does no damage.
The warg barely misses you. The warg bites you but does no damage.
You see here 15 gold pieces.
The orc priest mumbles some strange prayers to Beogh against you.
Beogh smites you!
* * * LOW HITPOINT WARNING * * *
The warg closely misses you. The warg bites you but does no damage.
The warg bites you.
You die...

#..........#.####..
#..........#.# .#
#..........#.####.##
#####....###.##....#
#.........#....#
##........#....#
#........#....#
########.#o...# #@#@o..#
#####h#h...# ##....@#....#
#......h....######
####...........##...#
#.................#.######
#..........##((((.).......
#...........#.......######
#.........#.#.....(.#


You could see Psyche and 2 wargs.

Vanquished Creatures
  A warg (D:8)
  An orc warrior (D:6)
  A phantom (D:4)
  4 sky beasts
  A black bear (D:6)
  7 ogres
  3 centaurs
  3 elf zombies (Ossuary)
  4 giant frogs
  2 scorpions
  A howler monkey (D:6)
  3 crimson imps (D:6)
  3 orc priests
  4 centaur zombies (Ossuary)
  3 hounds
  3 jellies
  5 human zombies (Ossuary)
  3 iguanas
  2 giant frog skeletons
  3 orc wizards
  5 worker ants
  4 hound skeletons
  3 mummies (Ossuary)
  Robin (D:3)
  A howler monkey skeleton (D:8)
  4 gnolls (D:6)
  7 adders
  An ooze (D:3)
  An adder zombie (D:8)
  3 worms
  2 dart slugs (D:3)
  6 giant geckos
  11 orcs
  3 ball pythons
  7 giant cockroaches
  12 hobgoblins
  10 jackals
  10 kobolds
  4 quokkas
  6 bats
  7 giant newts
  14 goblins
  A jackal skeleton (D:6)
  A jackal zombie (D:6)
  6 rats
  A spectral orc (D:3)
188 creatures vanquished.

Vanquished Creatures (others)
  An adder (D:5)
1 creature vanquished.

Grand Total: 189 creatures vanquished

Notes
Turn   | Place    | Note
--------------------------------------------------------------
     0 | D:1      | pragmatic the Gargoyle Berserker began the quest for the Orb.
     0 | D:1      | Reached XP level 1. HP: 14/14 MP: 1/1
    71 | D:1      | Reached XP level 2. HP: 19/19 MP: 2/2
   325 | D:1      | Reached XP level 3. HP: 23/23 MP: 3/3
   741 | D:2      | Reached ** piety under Trog
   960 | D:2      | Reached skill level 3 in Armour
   960 | D:2      | Reached XP level 4. HP: 10/28 MP: 4/4
  1887 | D:3      | Found a glowing golden altar of the Shining One.
  1896 | D:3      | Reached *** piety under Trog
  1920 | D:3      | Found a burning altar of Makhleb.
  1921 | D:3      | Noticed Robin
  1928 | D:3      | Killed Robin
  1928 | D:3      | Reached XP level 5. HP: 32/32 MP: 5/5
  1937 | D:3      | Found a sparkling altar of Nemelex Xobeh.
  2011 | D:3      | Found a basalt altar of Yredelemnul.
  2817 | D:4      | Reached XP level 6. HP: 32/37 MP: 6/6
  2918 | D:4      | Reached skill level 4 in Armour
  3012 | D:4      | Noticed a phantom
  3034 | D:4      | Killed a phantom
  3098 | D:4      | Reached XP level 7. HP: 39/41 MP: 7/7
  3513 | D:5      | Entered Level 5 of the Dungeon
  3539 | D:5      | Reached skill level 5 in Axes
  3589 | D:5      | Reached skill level 5 in Armour
  3665 | D:5      | Reached **** piety under Trog
  3917 | D:5      | Found a radiant altar of Vehumet.
  4178 | D:5      | Reached skill level 6 in Armour
  4178 | D:5      | Reached XP level 8. HP: 20/46 MP: 8/8
  4184 | D:5      | Gained mutation: You are frail (-10% HP). [mutagenic meat]
  4186 | D:5      | Gained mutation: You are weak. (Str -2) [mutagenic meat]
  4187 | D:5      | Lost mutation: You are weak. (Str -2) [mutagenic meat]
  4189 | D:5      | Gained mutation: You have a pair of small antennae on your head. [mutagenic meat]
  4410 | D:6      | Found a shadowy altar of Dithmenos.
  4447 | D:6      | Reached skill level 7 in Armour
  4485 | D:6      | Found a blossoming altar of Fedhas.
  4490 | D:6      | Reached skill level 8 in Armour
  4574 | D:6      | Found a glowing golden altar of the Shining One.
  4742 | D:6      | Found an iron altar of Okawaru.
  4831 | D:6      | Found a sand-covered staircase.
  4836 | Ossuary  | Entered an ossuary
  4887 | Ossuary  | Reached XP level 9. HP: 33/45 MP: 9/9
  4972 | Ossuary  | Reached skill level 9 in Armour
  5080 | Ossuary  | Paralysed by fainting for 6 turns
  5385 | D:6      | Got a scorched cloak
  5788 | D:6      | Lost mutation: You are frail (-10% HP). [potion of cure mutation]
  5788 | D:6      | Lost mutation: You have a pair of small antennae on your head. [potion of cure mutation]
  5806 | D:7      | Identified the +1 cloak "Xydokhu" {rC+ Int+5} (You found it on level 6 of the Dungeon)
  5891 | D:7      | Found a staircase to the Ecumenical Temple.
  5925 | Temple   | Entered the Ecumenical Temple
  6485 | D:7      | Reached skill level 10 in Armour
  7394 | D:8      | Reached XP level 10. HP: 53/56 MP: 10/10
  7438 | D:8      | Noticed Psyche
  7444 | D:8      | HP: 1/56 [orc priest/divine providence (14)]
  7449 | D:8      | Slain by a warg

Skill      XL: |  1  2  3  4  5  6  7  8  9 10 |
---------------+-------------------------------+-----
Axes           | 3 4 5 6 8 |  8.8
Dodging        | 2 3 4 |  4.0
Armour         | 3 4 6 8 10 | 10.6
Fighting       | |  3.5

Action                   |  1- 3 |  4- 6 |  7- 9 | 10-12 || total
-------------------------+-------+-------+-------+-------++-------
Melee: Hand axe          |   125 |   157 |       |       ||   282
       War axe           |       |    74 |   643 |    24 ||   741
Invok: Berserk           |     1 |     2 |     5 |       ||     8
  Use: Scroll            |       |       |    11 |       ||    11
       Potion            |       |       |     9 |       ||     9
  Eat: Chunk             |     1 |     8 |    22 |       ||    31
       Fruit             |       |     2 |       |       ||     2
       Bread ration      |       |       |     1 |       ||     1
Armor: Animal skin       |    26 |       |       |       ||    26
       Robe              |    14 |     7 |       |       ||    21
       Leather armour    |       |    23 |       |       ||    23
       Plate armour      |       |   140 |   510 |    25 ||   675
Dodge: Dodged            |    85 |   114 |   249 |    17 ||   465
